 Dungeon Crawl Stone Soup version 0.16-a0-1132-gad589c6 (webtiles) character file.

140 RobertPalmer the Cudgeler (level 5, -7/36 HPs)
             Began as an Octopode Monk on Oct 7, 2014.
             Mangled by a centaur (10 damage)
             ... on level 3 of the Dungeon.
             The game lasted 00:03:27 (2116 turns).

RobertPalmer the Cudgeler (Octopode Monk)           Turns: 2116, Time: 00:03:27

Health: -7/36      AC:  1    Str: 10    XL:     5   Next: 23%
Magic:  5/5        EV: 14    Int: 13    God:
Gold:   114        SH:  0    Dex: 15    Spells: 0 memorised, 4 levels left

rFire  . . .     SeeInvis .     a - +0 mace
rCold  + . .     Clarity  .     (no shield)
rNeg   . . .     SustAb   .     (helmet restricted)
rPois  .         Gourm    .     (no amulet)
rElec  .         Spirit   .     k - +1 ring of evasion
rCorr  .         Warding  .     d - ring of protection from cold
rMut   .         Stasis   .     i - ring of flight
MR     .....                    (no ring)
Stlth  +++.......               (no ring)
                                (no ring)
                                (no ring)
                                (no ring)

@: very slightly contaminated, invisible, not resistant to hostile enchantments,
fairly stealthy
A: almost no armour, amphibious, 8 rings, constrict 8, camouflage 1, gelatinous
body 1
a: Evoke Flight


You were on level 3 of the Dungeon.
You were not hungry.

You visited 1 branch of the dungeon, and saw 3 of its levels.

You collected 114 gold pieces.


Innate Abilities, Weirdness & Mutations

You cannot wear most types of armour.
You are amphibious.
You can wear up to eight rings at the same time.
You can use your tentacles to constrict many enemies at once.
Your skin changes colour to match your surroundings (Stealth).
Your rubbery body absorbs attacks (AC +1).


   Skills:
 - Level 3.0 Fighting
 + Level 4.4 Maces & Flails
 - Level 3.3 Dodging
 - Level 2.6 Stealth
 - Level 4.0 Unarmed Combat


You had 4 spell levels left.
You didn't know any spells.

Inventory:

Hand weapons
 a - a +0 mace (weapon)
Missiles
 f - 6 needles of paralysis
Magical devices
 h - a wand of random effects (7)
Comestibles
 b - 2 bread rations
 g - 4 fruits
 l - 2 chunks of hobgoblin flesh {@*1}
Scrolls
 e - 2 scrolls of fear
 j - a scroll of remove curse {unknown}
 m - a scroll of fog
Jewellery
 d - a ring of protection from cold (right tentacle)
 i - a ring of flight (on tentacle)
 k - a +1 ring of evasion (left tentacle)

Dungeon Overview and Level Annotations

Branches:
Dungeon (3/15)

Altars:
Okawaru
Sif Muna
Trog

.......................
........................
........................
...............[........
........._...............
....................[....
.........................
.........................
........@................
.........c...............
........................
........................
........................
.......................
......................
.....................
......#.#######.##


You could see a centaur.


Message History

You closely miss the giant gecko. The giant gecko barely misses you.
You closely miss the giant gecko. You grab the giant gecko.
You squeeze the giant gecko.
The giant gecko is moderately wounded.
You constrict the giant gecko. The giant gecko barely misses you.
A centaur comes into view.
You barely miss the giant gecko.
The giant gecko is severely wounded.
You constrict the giant gecko.
You kill the giant gecko!
The centaur shouts!
The centaur hits you!
* * * LOW HITPOINT WARNING * * *
The centaur hits you!
* * * LOW HITPOINT WARNING * * *
You are too injured to fight recklessly!
You are too injured to fight recklessly!
Drink which item? (? for menu, Esc to quit)
You feel refreshed.
It was a potion of restore abilities.
The centaur misses you.
Drink which item? (? for menu, Esc to quit)
You fade into invisibility!
It was a potion of invisibility.
The centaur hits you.
* * * LOW HITPOINT WARNING * * *
The centaur closely misses you.
You are very lightly contaminated with residual magic.
You hit the centaur but do no damage. You squeeze the centaur!
The centaur is heavily wounded.
The centaur hits you!
You die...

Action                   |  1- 3 |  4- 6 || total
-------------------------+-------+-------++-------
Melee: Unarmed           |     8 |       ||     8
       Mace              |    55 |    16 ||    71
Evoke: Wand              |     7 |     2 ||     9
  Use: Scroll            |       |     4 ||     4
       Potion            |       |     2 ||     2
 Stab: Sleeping          |     8 |       ||     8
       Paralysed         |     7 |       ||     7
  Eat: Chunk             |     2 |     2 ||     4

Vault maps used:
D:1:      dpeg_arrival_morbid_curiosity, minivault_25, okawaru_ov_weapons_minmay
D:2:      lemuel_doored_altar, uniq_terence
D:3:      overflow_temple_1_default

Notes
Turn   | Place    | Note
--------------------------------------------------------------
     0 | D:1      | RobertPalmer, the Octopode Monk, began the quest for the Orb.
     0 | D:1      | Reached XP level 1. HP: 16/16 MP: 1/1
   221 | D:1      | Reached XP level 2. HP: 21/21 MP: 2/2
   223 | D:1      | Reached skill level 1 in Maces & Flails
   329 | D:1      | Found an iron altar of Okawaru.
   725 | D:1      | Reached skill level 2 in Maces & Flails
   890 | D:2      | Noticed Terence
   910 | D:2      | HP: 2/21 [giant newt (1)]
  1204 | D:2      | Reached XP level 3. HP: 26/26 MP: 3/3
  1338 | D:2      | Killed Terence
  1411 | D:2      | Found a bloodstained altar of Trog.
  1446 | D:2      | Reached skill level 3 in Maces & Flails
  1798 | D:2      | Reached XP level 4. HP: 29/31 MP: 4/4
  1936 | D:3      | Noticed Foahim's ghost (average HEFi)
  1942 | D:3      | Killed Foahim's ghost
  1942 | D:3      | Reached skill level 4 in Maces & Flails
  1942 | D:3      | Reached XP level 5. HP: 36/36 MP: 5/5
  2096 | D:3      | Found a deep blue altar of Sif Muna.
  2110 | D:3      | Noticed a centaur
  2115 | D:3      | HP: 3/36 [centaur (6)]
  2116 | D:3      | Mangled by a centaur

Vanquished Creatures
  The ghost of Foahim the Skirmisher, an average HEFi (D:3)
  Terence (D:2)
  A giant mite (D:2)
  A worm (D:2)
  2 giant geckos
  4 giant cockroaches (D:2)
  7 goblins
  7 hobgoblins
  9 kobolds
  A quokka (D:3)
34 creatures vanquished.
